 Dungeon Sprint DCSS version 0.29-a0-97-g88c9fad16d (webtiles) character file.

Game seed: 14706103909599931941

2932 mhtbhm the Impaler (level 9, -1/76 HPs)
             Began as a Merfolk Gladiator on Feb 13, 2022.
             Was an Initiate of Gozag.
             Slain by a komodo dragon (24 damage)
             ... in the Dungeon (Sprint IX: "|||||||||||||||||||||||||||||").
             The game lasted 00:01:16 (809 turns).

mhtbhm the Impaler (Merfolk Gladiator)               Turns: 809, Time: 00:01:17

Health: -1/76      AC: 16    Str: 19    XL:     9   Next: 80%
Magic:  9/9        EV: 15    Int:  7    God:    Gozag
Gold:   981        SH:  0    Dex: 15    Spells: 8/8 levels left

rFire   . . .      SeeInvis .   a - +2 halberd (venom)
rCold   . . .      Faith    .   (shield currently unavailable)
rNeg    . . .      Spirit   .   b - +1 chain mail
rPois   .          Reflect  .   c - +0 helmet
rElec   .          Harm     .   (no cloak)
rCorr   .          Rampage  .   m - +0 pair of gloves
Will    .....      NoTele   +   (no boots)
Stlth   ..........              (no amulet)
HPRegen 0.22/turn               n - +2 ring of protection
MPRegen 0.11/turn               o - +2 ring of evasion

@: gold aura, hasted, very quick
A: (nimble swimmer 2), mertail
a: Renounce Religion, Potion Petition, Call Merchant, Bribe Branch


You were in the Dungeon.
You worshipped Gozag.
Gozag was pleased with you.
You visited 1 branch You collected 981 gold pieces.

Inventory:

Hand Weapons
 a - a +2 halberd of venom (weapon)
Missiles
 d - 3 throwing nets (quivered)
Armour
 b - a +1 chain mail (worn)
 c - a +0 helmet (worn)
 m - a +0 pair of gloves (worn)
Jewellery
 n - a +2 ring of protection (left hand)
 o - a +2 ring of evasion (right hand)
Wands
 l - a wand of acid (10)
Scrolls
 j - 2 scrolls of blinking
 k - 2 scrolls of amnesia
 p - 2 scrolls of enchant weapon
 q - 4 scrolls of enchant armour
 r - a scroll of fog
 s - a scroll of identify
Potions
 e - 7 potions of curing
 f - 7 potions of heal wounds
 g - a potion of haste
 h - 4 potions of magic
 i - a potion of might


   Skills:
 + Level 9.2 Fighting
 + Level 19.3 Polearms
 + Level 5.7 Throwing
 + Level 7.0 Armour
 + Level 13.8 Dodging
 + Level 5.5 Stealth


You had 8 spell levels left.
You didn't know any spells.
Your spell library was empty.

Dungeon Overview and Level Annotations

Branches:
Dungeon (1/1)

Altars:
Cheibriados
Dithmenos
Elyvilon
Fedhas
Gozag
Hepliaklqana
Kikubaaqudgha
Makhleb
Nemelex Xobeh
Okawaru
Qazlal
Ru
Sif Muna
Trog
Uskayaw
Vehumet
Wu Jian
Xom
Yredelemnul
Zin
The Shining One
Beogh
Jiyva
Lugonu


Innate Abilities, Weirdness & Mutations

((You are very nimble when in or above water. (Stealth+, EV+, Speed+++)))
Your lower body shifts to a powerful aquatic tail in water.


Message History

The komodo dragon looks as sick as possible!
The komodo dragon is moderately wounded.
The komodo dragon bites you!
You are too injured to fight recklessly!
You are too injured to fight recklessly!
You are too injured to fight recklessly!
You are too injured to fight recklessly!
You are too injured to fight recklessly!
You are too injured to fight recklessly!
You are too injured to fight recklessly!
You are too injured to fight recklessly!
You are too injured to fight recklessly!
You are too injured to fight recklessly!
You are too injured to fight recklessly!
You are too injured to fight recklessly!
You are too injured to fight recklessly!
You slash the komodo dragon!
The komodo dragon looks as sick as possible!
The komodo dragon is severely wounded.
The blink frog blinks!
You hit the komodo dragon.
The komodo dragon looks as sick as possible!
The komodo dragon is severely wounded.
The komodo dragon completely misses you.
A catoblepas comes into view.
You hit the komodo dragon.
The komodo dragon looks as sick as possible!
The komodo dragon is almost dead.
The komodo dragon bites you!
* * * LOW HITPOINT WARNING * * *
Unknown command.
You hit the komodo dragon but do no damage.
The komodo dragon is almost dead.
You kill the komodo dragon!
Your Armour skill increases to level 7!
Unknown command.
Okay, then.
You feel yourself speed up. The komodo dragon bites you!!
You die...
Your body crumbles into a pile of gold.

▓_▓.▓ $
▓_▓.▓Y▓
▓_▓.▓l▓
$
▓_▓.▓Y▓
$
▓_▓.▓F▓
$
▓_▓.▓D▓
$
▓_▓.▓.▓
$
▓_▓.▓l▓
$
▓_▓.▓@▓
$
▓_▓.▓.▓
$
▓_▓.▓.▓
$
▓_▓.▓.▓
$
▓'▓.▓.▓
$
▓.▓.▓[▓
$
▓.▓.▓|▓
$
▓.▓.▓|▓
▓.▓.▓.▓


You could see a catoblepas, an eight-headed hydra, a komodo dragon, a yak, a
basilisk and a bullfrog.

Vanquished Creatures
  A boulder beetle (D)
  A manticore (D)
  A cyclops (D)
  A kobold demonologist (D)
  An unseen horror (D)
  A komodo dragon (D)
  A slime creature (D)
  A spriggan (shapeshifter) (D)
  A wraith (D)
  A black bear (D)
  A gnoll sergeant (D)
  A howler monkey (D)
  A wight (D)
  A jelly (D)
  An orc wizard (D)
  An ufetubus (D)
  A bat (D)
  An endoplasm (D)
  A goblin (D)
  2 hobgoblins (D)
  A ball python zombie (D)
  A quokka zombie (D)
23 creatures vanquished.

Notes
Turn   | Place    | Note
-------+----------+-------------------------------------------
     0 | D        | mhtbhm the Merfolk Gladiator began the quest for the Orb.
     0 | D        | Reached XP level 1. HP: 16/16 MP: 1/1
    11 | D        | Reached skill level 5 in Polearms
    21 | D        | Reached skill level 5 in Dodging
    21 | D        | Reached XP level 2. HP: 11/23 MP: 2/2
   187 | D        | Noticed a black bear
   187 | D        | Noticed a howler monkey
   194 | D        | Killed a howler monkey
   195 | D        | Reached skill level 7 in Polearms
   195 | D        | Reached skill level 1 in Armour
   195 | D        | Reached XP level 3. HP: 29/29 MP: 3/3
   196 | D        | Killed a black bear
   197 | D        | Reached skill level 9 in Polearms
   197 | D        | Reached XP level 4. HP: 37/37 MP: 4/4
   197 | D        | Reached XP level 5. HP: 42/42 MP: 5/5
   198 | D        | Reached skill level 10 in Polearms
   215 | D        | Found a snail-covered altar of Cheibriados.
   215 | D        | Found a shadowy altar of Dithmenos.
   215 | D        | Found a white marble altar of Elyvilon.
   215 | D        | Found a blossoming altar of Fedhas.
   215 | D        | Found an opulent altar of Gozag.
   216 | D        | Found a hazy altar of Hepliaklqana.
   217 | D        | Found a viscous altar of Jiyva.
   218 | D        | Found an ancient bone altar of Kikubaaqudgha.
   219 | D        | Found a corrupted altar of Lugonu.
   220 | D        | Found a burning altar of Makhleb.
   221 | D        | Found a sparkling altar of Nemelex Xobeh.
   222 | D        | Found an iron altar of Okawaru.
   223 | D        | Found a stormy altar of Qazlal.
   224 | D        | Found a sacrificial altar of Ru.
   227 | D        | Became a worshipper of Gozag Ym Sagoz the Greedy
   230 | D        | Found a shimmering blue altar of Sif Muna.
   231 | D        | Found a bloodstained altar of Trog.
   232 | D        | Found a hide-covered altar of Uskayaw.
   233 | D        | Found a radiant altar of Vehumet.
   234 | D        | Found an ornate altar of the Wu Jian Council.
   235 | D        | Found a shimmering altar of Xom.
   236 | D        | Found a basalt altar of Yredelemnul.
   237 | D        | Found a glowing silver altar of Zin.
   238 | D        | Found a glowing golden altar of the Shining One.
   290 | D        | Noticed a wraith
   302 | D        | Reached skill level 11 in Polearms
   302 | D        | Reached XP level 6. HP: 35/50 MP: 6/6
   306 | D        | Killed an unseen horror
   307 | D        | Reached skill level 13 in Polearms
   307 | D        | Reached skill level 5 in Throwing
   307 | D        | Reached XP level 7. HP: 38/58 MP: 7/7
   322 | D        | Killed a wraith
   323 | D        | Reached skill level 14 in Polearms
   521 | D        | Noticed a manticore
   521 | D        | Noticed a slime creature
   521 | D        | Noticed a spriggan
   521 | D        | Noticed a boulder beetle
   521 | D        | Noticed a cyclops
   521 | D        | Noticed a kobold demonologist
   528 | D        | Killed a kobold demonologist
   529 | D        | Reached skill level 15 in Polearms
   529 | D        | Reached skill level 1 in Stealth
   529 | D        | Reached XP level 8. HP: 67/67 MP: 8/8
   532 | D        | Killed a cyclops
   533 | D        | Reached skill level 16 in Polearms
   533 | D        | Reached skill level 5 in Armour
   541 | D        | Killed a boulder beetle
   542 | D        | Reached skill level 17 in Polearms
   542 | D        | Reached XP level 9. HP: 42/74 MP: 9/9
   546 | D        | Reached skill level 18 in Polearms
   559 | D        | Killed a manticore
   560 | D        | Reached skill level 19 in Polearms
   560 | D        | Reached skill level 5 in Stealth
   799 | D        | Noticed an eight-headed hydra
   799 | D        | Noticed a komodo dragon
   799 | D        | Noticed a komodo dragon
   807 | D        | Noticed a catoblepas
   808 | D        | Killed a komodo dragon
   809 | D        | Slain by a komodo dragon

Illustrated notes

Levels and vault maps discovered:
D:        linesprint [early_d, line_temple, items_1, d_10, items_2, lair_1,
          lair_end, items_3, orc_1, orc_end, items_4, d_15, swamp_1, shoals_1,
          snake_1, spider_1, d_20, vaults_1, items_5, swamp_end, shoals_end,
          snake_end, spider_end, vaults_end, d_27, items_6, zot_1, zot_end,
          crypt_end, forest_end, elf_end, slime_end, tomb_end, abyss_end,
          pan_hell_end]

Skill      XL: |  1  2  3  4  5  6  7  8  9 |
---------------+----------------------------+-----
Polearms       | 5 7 9 11 13 15 17 19 | 19.3
Dodging        | 5 6 8 9 11 12 13 | 13.8
Fighting       | 3 4 6 7 8 9 |  9.2
Armour         | 1 2 3 4 6 7 |  7.0
Throwing       | 3 4 5 |  5.7
Stealth        | 1 3 5 |  5.5

Action                   |  1- 3 |  4- 6 |  7- 9 || total
-------------------------+-------+-------+-------++-------
Melee: Trident           |    25 |    12 |       ||    37
       Punch             |     1 |       |       ||     1
       Halberd           |       |    15 |    61 ||    76
  Use: Potion            |     1 |       |     2 ||     3
 Stab: Invisible         |       |       |     4 ||     4
Armor: Leather armour    |     5 |     3 |       ||     8
       Chain mail        |       |    13 |     9 ||    22
Dodge: Dodged            |     7 |    10 |    17 ||    34

Table legend: (Time is in decaauts)
 A = Elapsed time spent in this place.
 B = Non-inter-level travel time spent in this place.
 C = Inter-level travel time spent in this place.
 D = Time resting spent in this place.
 E = Time spent auto-exploring this place.
 F = Levels seen in this place.
 G = Mean time per level.
                   A        B        C        D        E       F      G
               +--------+--------+--------+--------+--------+-----+--------+
         Total |    802 |    802 |      0 |    347 |    200 |   1 |  802.0 |
       Dungeon |    802 |    802 |      0 |    347 |    200 |   1 |  802.0 |
               +--------+--------+--------+--------+--------+-----+--------+

Top non-repeatable levels by time:
       D: 802 daAuts
